[Event "FICS rated blitz game"]
[Site "FICS freechess.org"]
[FICSGamesDBGameNo "20002168"]
[White "Alyoshapavlovich"]
[Black "thesignman"]
[WhiteElo "1436"]
[BlackElo "656"]
[WhiteRD "na"]
[BlackRD "na"]
[TimeControl "120+12"]
[Date "1999.09.29"]
[Time "10:26:00"]
[WhiteClock "0:02:00.000"]
[BlackClock "0:02:00.000"]
[ECO "C79"]
[PlyCount "47"]
[Result "1-0"]

1. e4 e5 2. Nf3 Nc6 3. Bb5 a6 4. Ba4 Nf6 5. O-O d6 6. Re1 Bd7 7. c3 Qb8 8. Bc2 Be7 9. d4 O-O 10. Bg5 h6 11. Bxf6 gxf6 12. dxe5 fxe5 13. Nbd2 f6 14. Bb3+ Kh8 15. Nh4 f5 16. Ng6+ Kh7 17. Nxf8+ Bxf8 18. exf5 a5 19. Bc2 Qe8 20. Nc4 Qf7 21. Qg4 Bxf5 22. Qxf5+ Qxf5 23. Bxf5+ Kg7 24. Ne3 {Black resigns} 1-0

[Event "FICS rated blitz game"]
[Site "FICS freechess.org"]
[FICSGamesDBGameNo "20002167"]
[White "JHW"]
[Black "steveod"]
[WhiteElo "1500"]
[BlackElo "1363"]
[WhiteRD "na"]
[BlackRD "na"]
[TimeControl "180+1"]
[Date "1999.09.29"]
[Time "09:50:00"]
[WhiteClock "0:03:00.000"]
[BlackClock "0:03:00.000"]
[ECO "A00"]
[PlyCount "73"]
[Result "1-0"]

1. Nc3 a6 2. e4 b5 3. a3 Bb7 4. d4 e6 5. Nf3 b4 6. axb4 Bxb4 7. Bd3 a5 8. O-O a4 9. Rxa4 Bxc3 10. Rxa8 Bxa8 11. bxc3 Nc6 12. Ba3 Nge7 13. Qe2 O-O 14. e5 Nd5 15. Bxf8 Qxf8 16. Qe4 g6 17. Ng5 Nxc3 18. Qh4 h6 19. Nf3 Nb4 20. Ra1 Bxf3 21. gxf3 Nxd3 22. cxd3 Ne2+ 23. Kh1 Kg7 24. Qf6+ Kh7 25. Ra7 d6 26. Rxc7 dxe5 27. dxe5 Qg7 28. Rxf7 Qxf7 29. Qxf7+ Kh8 30. Qxg6 Nf4 31. Qxh6+ Kg8 32. Qxf4 Kg7 33. h4 Kg6 34. Qf6+ Kh7 35. h5 Kg8 36. h6 Kh7 37. Qg7# {Black checkmated} 1-0

[Event "FICS rated blitz game"]
[Site "FICS freechess.org"]
[FICSGamesDBGameNo "20002166"]
[White "Gentleman"]
[Black "KONNY"]
[WhiteElo "1584"]
[BlackElo "1541"]
[WhiteRD "na"]
[BlackRD "na"]
[TimeControl "300+1"]
[Date "1999.09.29"]
[Time "08:48:00"]
[WhiteClock "0:05:00.000"]
[BlackClock "0:05:00.000"]
[ECO "B50"]
[PlyCount "109"]
[Result "1-0"]

1. e4 c5 2. Nf3 d6 3. d3 Nf6 4. Be2 e6 5. O-O Be7 6. c3 O-O 7. Nbd2 Nc6 8. Ne1 Qc7 9. f4 a6 10. Ndf3 b5 11. d4 cxd4 12. cxd4 Bb7 13. e5 dxe5 14. dxe5 Nd5 15. Bd2 Qb6+ 16. Kh1 Bc5 17. Rc1 Be3 18. Nd3 Bxd2 19. Qxd2 Ne3 20. Rg1 Ng4 21. h3 Ne3 22. Nc5 Nc4 23. Bxc4 bxc4 24. Nxb7 Qxb7 25. Rxc4 Rfd8 26. Qc3 Rac8 27. Rc1 Na7 28. Rxc8 Rxc8 29. Qd2 Rxc1+ 30. Qxc1 Nc6 31. Qc3 f6 32. exf6 gxf6 33. Qxf6 Qd7 34. Ng5 Qd1+ 35. Kh2 Qd7 36. Qxe6+ Qxe6 37. Nxe6 Nb4 38. a3 Nd3 39. b4 Kf7 40. Nc5 Nxf4 41. Nxa6 Ke6 42. b5 Kd6 43. g3 Ne2 44. Nb4 Nc3 45. Nd3 Nxb5 46. a4 Nd4 47. g4 Ne6 48. Kg3 Nc7 49. h4 Nd5 50. g5 Ne3 51. h5 Nf5+ 52. Kg4 Ne7 53. Nf4 Ke5 54. g6 hxg6 55. Nxg6+ {Black resigns} 1-0

[Event "FICS rated blitz game"]
[Site "FICS freechess.org"]
[FICSGamesDBGameNo "20002165"]
[White "calsh"]
[Black "szura"]
[WhiteElo "1580"]
[BlackElo "1534"]
[WhiteRD "na"]
[BlackRD "na"]
[TimeControl "180+0"]
[Date "1999.09.29"]
[Time "07:30:00"]
[WhiteClock "0:03:00.000"]
[BlackClock "0:03:00.000"]
[ECO "B00"]
[PlyCount "99"]
[Result "1/2-1/2"]

1. e4 Nc6 2. d4 d5 3. e5 Bf5 4. Nf3 e6 5. a3 Be7 6. Bd3 Bxd3 7. Qxd3 Kd7 8. O-O f5 9. exf6 Nxf6 10. Bg5 h6 11. Be3 Ne4 12. Nfd2 Nf6 13. Re1 a6 14. c3 g5 15. Nf3 Qg8 16. Ne5+ Nxe5 17. dxe5 Ng4 18. h3 Nxe3 19. Rxe3 Bc5 20. Rf3 Rf8 21. Nd2 g4 22. Rxf8 Qxf8 23. Rf1 gxh3 24. Qxh3 Rg8 25. b4 Bb6 26. c4 c6 27. c5 Bc7 28. f4 Qg7 29. Nf3 a5 30. Nd4 Qg6 31. Rf3 axb4 32. axb4 b6 33. Kh2 bxc5 34. bxc5 Ba5 35. Rg3 Qf7 36. Rxg8 Qxg8 37. Qxh6 Be1 38. Qh3 Qg6 39. Nf3 Bf2 40. Ng5 Ke7 41. Qh7+ Qxh7+ 42. Nxh7 Bxc5 43. g4 Bd4 44. Ng5 c5 45. Nf3 Bxe5 46. g5 Bxf4+ 47. Kh3 Bxg5 48. Nxg5 c4 49. Nf3 c3 50. Nd4 {Black ran out of time and White has no material to mate} 1/2-1/2

[Event "FICS rated standard game"]
[Site "FICS freechess.org"]
[FICSGamesDBGameNo "20002164"]
[White "Ignis"]
[Black "vipiu"]
[WhiteElo "1359"]
[BlackElo "1778"]
[WhiteRD "na"]
[BlackRD "na"]
[TimeControl "600+12"]
[Date "1999.09.29"]
[Time "07:27:00"]
[WhiteClock "0:10:00.000"]
[BlackClock "0:10:00.000"]
[ECO "E70"]
[PlyCount "82"]
[Result "0-1"]

1. d4 Nf6 2. c4 g6 3. Nc3 Bg7 4. e4 O-O 5. Bg5 Ne8 6. e5 f6 7. exf6 Nxf6 8. d5 d6 9. Qb3 Nbd7 10. Nf3 Nc5 11. Qb4 Nfe4 12. Nxe4 Nxe4 13. Be3 a5 14. Qa3 Bg4 15. Be2 Bxf3 16. Bxf3 Nf6 17. O-O Nd7 18. Qb3 b6 19. a4 Ne5 20. Be2 Qd7 21. Bd4 e6 22. dxe6 Qxe6 23. Bxe5 Qxe5 24. Rae1 Qxb2 25. Qxb2 Bxb2 26. Rb1 Be5 27. Rbc1 Rf7 28. c5 d5 29. cxb6 cxb6 30. Rc6 Rb8 31. Rfc1 Bd4 32. Rc8+ Rxc8 33. Rxc8+ Kg7 34. Bf3 Rd7 35. h3 Bc5 36. Re8 d4 37. Re1 d3 38. Rd1 d2 39. Kf1 Bb4 40. Ke2 Re7+ 41. Kf1 Re1+ {White resigns} 0-1

[Event "FICS rated blitz game"]
[Site "FICS freechess.org"]
[FICSGamesDBGameNo "20002163"]
[White "AlrickSphynx"]
[Black "oceandeep"]
[WhiteElo "1773"]
[BlackElo "1743"]
[WhiteRD "na"]
[BlackRD "na"]
[TimeControl "180+0"]
[Date "1999.09.29"]
[Time "06:41:00"]
[WhiteClock "0:03:00.000"]
[BlackClock "0:03:00.000"]
[ECO "A00"]
[PlyCount "73"]
[Result "1-0"]

1. c3 c5 2. Qc2 Nf6 3. d3 g6 4. e4 Nc6 5. Nf3 Bg7 6. Be2 d5 7. O-O O-O 8. Rd1 h6 9. Nbd2 e5 10. Nf1 Bg4 11. Be3 d4 12. Bc1 Rc8 13. a3 Bxf3 14. Bxf3 Re8 15. Rb1 Nh7 16. Qa4 Qh4 17. g3 Qf6 18. Bg2 Ng5 19. f4 exf4 20. gxf4 Ne6 21. e5 Qh4 22. b4 cxb4 23. cxd4 Ncxd4 24. Rxb4 Ne2+ 25. Kh1 Red8 26. f5 Qh5 27. fxe6 fxe6 28. Bb2 Bxe5 29. Bxe5 Qxe5 30. Re4 Rd4 31. Rxe5 Rxa4 32. Rxe2 Rxa3 33. Rxe6 Rc2 34. Rxg6+ Kh7 35. Be4 Kh8 36. Rxh6+ Kg7 37. Ne3 {Black forfeits on time} 1-0

[Event "FICS rated blitz game"]
[Site "FICS freechess.org"]
[FICSGamesDBGameNo "20002162"]
[White "slnko"]
[Black "Yurich"]
[WhiteElo "1403"]
[BlackElo "1476"]
[WhiteRD "na"]
[BlackRD "na"]
[TimeControl "180+13"]
[Date "1999.09.29"]
[Time "05:40:00"]
[WhiteClock "0:03:00.000"]
[BlackClock "0:03:00.000"]
[ECO "C02"]
[PlyCount "98"]
[Result "1/2-1/2"]

1. e4 e6 2. d4 d5 3. e5 c5 4. c3 Nc6 5. Nf3 Qb6 6. Bd3 Bd7 7. dxc5 Bxc5 8. O-O Nge7 9. Qe2 O-O 10. Nbd2 Ng6 11. Nb3 Be7 12. Be3 Qc7 13. Bd4 Nf4 14. Qe3 Nxd3 15. Qxd3 Nxd4 16. cxd4 f6 17. Rac1 Qb6 18. exf6 Bxf6 19. Ne5 Bb5 20. Qc3 Bxf1 21. Nd7 Qa6 22. Nxf8 Bb5 23. Nc5 Qc6 24. Nfxe6 b6 25. Nxg7 Bxg7 26. Qb3 bxc5 27. Rxc5 Bc4 28. Qxc4 dxc4 29. Rxc6 Rb8 30. Rxc4 Rxb2 31. Kf1 Rxa2 32. d5 Kf8 33. d6 Ke8 34. Rc8+ Kd7 35. Rc7+ Kxd6 36. Rxg7 a5 37. Rxh7 a4 38. Ra7 a3 39. g3 Kc5 40. Kg2 Kb4 41. h4 Rd2 42. h5 a2 43. h6 Kb3 44. h7 Rd8 45. Rb7+ Kc2 46. Ra7 Kb2 47. Rb7+ Kc2 48. Ra7 Kb2 49. Rb7+ Kc2 {Game drawn by repetition} 1/2-1/2

[Event "FICS rated lightning game"]
[Site "FICS freechess.org"]
[FICSGamesDBGameNo "20002161"]
[White "aam"]
[Black "MiranoOfBosnia"]
[WhiteElo "1856"]
[BlackElo "1987"]
[WhiteRD "na"]
[BlackRD "na"]
[TimeControl "60+0"]
[Date "1999.09.29"]
[Time "05:30:00"]
[WhiteClock "0:01:00.000"]
[BlackClock "0:01:00.000"]
[ECO "A11"]
[PlyCount "59"]
[Result "1-0"]

1. c4 c6 2. g3 d5 3. b3 dxc4 4. bxc4 Nf6 5. Bg2 g6 6. Nc3 Bg7 7. Nf3 O-O 8. O-O Be6 9. Qb3 Qc7 10. Rb1 b5 11. d3 Na6 12. Nd4 Nc5 13. Qc2 bxc4 14. dxc4 Rfd8 15. Nxc6 Rd6 16. Nxe7+ Qxe7 17. Bxa8 Qd8 18. Bg2 Bxc4 19. Nb5 Bxb5 20. Rxb5 Ne6 21. Bb2 Rd7 22. Be5 Rc7 23. Bxc7 Nxc7 24. Rb7 Ne6 25. Qc4 h5 26. Bh3 Ne8 27. Bxe6 fxe6 28. Qxe6+ Kh8 29. Qf7 Qa8 30. Re7 {Black forfeits on time} 1-0

[Event "FICS rated lightning game"]
[Site "FICS freechess.org"]
[FICSGamesDBGameNo "20002160"]
[White "Foordy"]
[Black "Simke"]
[WhiteElo "1417"]
[BlackElo "1460"]
[WhiteRD "na"]
[BlackRD "na"]
[TimeControl "60+1"]
[Date "1999.09.29"]
[Time "03:54:00"]
[WhiteClock "0:01:00.000"]
[BlackClock "0:01:00.000"]
[ECO "C55"]
[PlyCount "68"]
[Result "1-0"]

1. e4 e5 2. Nf3 Nc6 3. Bc4 h6 4. d3 Nf6 5. O-O Be7 6. Nc3 O-O 7. b3 d6 8. Bb2 Be6 9. Bxe6 fxe6 10. Nb5 a6 11. Nc3 Ng4 12. Ne2 Nb4 13. c4 c6 14. Ba3 a5 15. Bb2 d5 16. cxd5 exd5 17. exd5 Nxd5 18. Nxe5 Nxe5 19. Bxe5 Bg5 20. g3 Qe7 21. Bf4 Nxf4 22. Nxf4 Bxf4 23. gxf4 Qh4 24. Qf3 Rxf4 25. Qg3 Qf6 26. Rae1 Rf5 27. Re4 Rg5 28. Rg4 Rxg4 29. Qxg4 Re8 30. Qg2 Re5 31. h3 Rg5 32. Qxg5 Qxg5+ 33. Kh1 Qd5+ 34. Kh2 Qxd3 {Black resigns} 1-0

[Event "FICS rated blitz game"]
[Site "FICS freechess.org"]
[FICSGamesDBGameNo "20002159"]
[White "brigante"]
[Black "Hvdsqr"]
[WhiteElo "1598"]
[BlackElo "1568"]
[WhiteRD "na"]
[BlackRD "na"]
[TimeControl "180+0"]
[Date "1999.09.29"]
[Time "03:22:00"]
[WhiteClock "0:03:00.000"]
[BlackClock "0:03:00.000"]
[ECO "C51"]
[PlyCount "58"]
[Result "0-1"]

1. e4 e5 2. Nf3 Nc6 3. Bc4 Bc5 4. b4 Bxb4 5. c3 Be7 6. Qb3 Na5 7. Bxf7+ Kf8 8. Qd5 c6 9. Qxe5 Kxf7 10. d4 Nf6 11. O-O Rf8 12. Qg3 Kg8 13. Ng5 Nh5 14. Qg4 Bxg5 15. Bxg5 Nf6 16. Qh4 Qe8 17. e5 Nd5 18. f4 Nc4 19. f5 Nce3 20. Rf2 d6 21. e6 Bxe6 22. fxe6 Rxf2 23. Qxf2 Qxe6 24. c4 Rf8 25. cxd5 Nxd5 26. Qd2 Qf5 27. Nc3 Nxc3 28. Qxc3 Qf2+ 29. Kh1 Qf1+ {White resigns} 0-1

[Event "FICS rated blitz game"]
[Site "FICS freechess.org"]
[FICSGamesDBGameNo "20002158"]
[White "Salt"]
[Black "RavenDark"]
[WhiteElo "1314"]
[BlackElo "1447"]
[WhiteRD "na"]
[BlackRD "na"]
[TimeControl "600+0"]
[Date "1999.09.29"]
[Time "02:09:00"]
[WhiteClock "0:10:00.000"]
[BlackClock "0:10:00.000"]
[ECO "A54"]
[PlyCount "69"]
[Result "1-0"]

1. d4 d6 2. Nf3 Nf6 3. e3 Nbd7 4. c4 e5 5. Nc3 Be7 6. dxe5 dxe5 7. Be2 O-O 8. O-O b6 9. Nd5 Bb7 10. Nxe7+ Qxe7 11. Qa4 Ne4 12. b3 Nc3 13. Ba3 Nc5 14. Bxc5 Nxe2+ 15. Kh1 Qxc5 16. Qd7 Rad8 17. Qg4 Bc8 18. Qh5 g6 19. Qh4 Nc3 20. Ng5 h5 21. g4 Rd2 22. gxh5 Bf5 23. hxg6 Bxg6 24. Rg1 Ne2 25. Ne6 Qc6+ 26. Rg2 Qxe6 27. Re1 Nd4 28. Reg1 Nf3 29. Qg3 Nxg1 30. Rxg1 Rxa2 31. h4 Qc6+ 32. Rg2 Ra1+ 33. Kh2 Kh7 34. h5 Be4 35. Qg7# {Black checkmated} 1-0

[Event "FICS rated lightning game"]
[Site "FICS freechess.org"]
[FICSGamesDBGameNo "20002156"]
[White "MGCourtney"]
[Black "JeffreyOM"]
[WhiteElo "1661"]
[BlackElo "1579"]
[WhiteRD "na"]
[BlackRD "na"]
[TimeControl "60+0"]
[Date "1999.09.28"]
[Time "23:36:00"]
[WhiteClock "0:01:00.000"]
[BlackClock "0:01:00.000"]
[ECO "C25"]
[PlyCount "72"]
[Result "1-0"]

1. e4 e5 2. Nc3 Bc5 3. Bc4 Bxf2+ 4. Kxf2 Nf6 5. Nf3 c6 6. h3 O-O 7. Re1 d5 8. exd5 cxd5 9. Bb3 e4 10. Ne5 Qc7 11. d4 exd3 12. Qxd3 Nc6 13. Bf4 Qb6+ 14. Kf1 Be6 15. Nxc6 bxc6 16. Be3 Qc7 17. Kg1 Rac8 18. Rf1 Rfd8 19. Bf4 Qd7 20. Qg3 Nh5 21. Qh4 Nxf4 22. Qxf4 d4 23. Ne4 Bxb3 24. axb3 d3 25. cxd3 Rf8 26. Kh1 Qxd3 27. Rad1 Qxb3 28. Qg4 Rce8 29. Ng3 g6 30. h4 h5 31. Qg5 Kg7 32. Nxh5+ Kg8 33. Nf6+ Kg7 34. h5 Re6 35. h6+ Kh8 36. Rf3 Rxf6 {Black forfeits on time} 1-0

[Event "FICS rated blitz game"]
[Site "FICS freechess.org"]
[FICSGamesDBGameNo "20002155"]
[White "vintage"]
[Black "Thorgon"]
[WhiteElo "1159"]
[BlackElo "1119"]
[WhiteRD "na"]
[BlackRD "na"]
[TimeControl "300+0"]
[Date "1999.09.28"]
[Time "23:34:00"]
[WhiteClock "0:05:00.000"]
[BlackClock "0:05:00.000"]
[ECO "E50"]
[PlyCount "59"]
[Result "1-0"]

1. d4 Nf6 2. c4 e6 3. Nc3 Bb4 4. e3 c5 5. Bd3 Nc6 6. Nf3 O-O 7. O-O b6 8. Ne2 Bb7 9. a3 cxd4 10. axb4 dxe3 11. Bxe3 Nxb4 12. Bb1 Bxf3 13. gxf3 d5 14. cxd5 Nbxd5 15. Bg5 h6 16. Bh4 g5 17. Bg3 Nh5 18. Be5 f6 19. Qc2 Rf7 20. Bd4 Nhf4 21. Nxf4 Nxf4 22. Rd1 Qd5 23. Be3 Qxf3 24. Bxf4 Qxf4 25. Ra4 Qe5 26. Rc4 b5 27. Rc8+ Rxc8 28. Qxc8+ Kg7 29. Ba2 Qxb2 30. Qxe6 {Black resigns} 1-0

[Event "FICS rated lightning game"]
[Site "FICS freechess.org"]
[FICSGamesDBGameNo "20002154"]
[White "Dibu"]
[Black "Future"]
[WhiteElo "1555"]
[BlackElo "1503"]
[WhiteRD "na"]
[BlackRD "na"]
[TimeControl "0+2"]
[Date "1999.09.28"]
[Time "23:19:00"]
[WhiteClock "0:10.000"]
[BlackClock "0:10.000"]
[ECO "C24"]
[PlyCount "178"]
[Result "0-1"]

1. e4 e5 2. Bc4 Nf6 3. f4 d5 4. exd5 e4 5. d3 Bc5 6. dxe4 Nxe4 7. Nh3 O-O 8. Nd2 Nxd2 9. Bxd2 Bxh3 10. gxh3 Qh4+ 11. Ke2 Qf2+ 12. Kd3 Nd7 13. d6 Qd4+ 14. Ke2 cxd6 15. Bxf7+ Rxf7 16. Bc3 Qe4+ 17. Kf1 Re8 18. Qg4 Qxf4+ 19. Qxf4 Rxf4+ 20. Kg2 Ref8 21. Rae1 Ne5 22. Rxe5 dxe5 23. Bxe5 Rf2+ 24. Kg3 b6 25. Kh4 Rxc2 26. Rg1 Rf7 27. b4 Be3 28. Rg3 Bc1 29. Bf4 Bxf4 30. Rf3 Bd6 31. Rxf7 Kxf7 32. Kg4 Rxa2 33. b5 Rb2 34. Kh4 Rxb5 35. Kg4 Rb2 36. Kh4 Rxh2 37. Kh5 b5 38. Kh4 b4 39. Kg4 b3 40. Kh4 b2 41. Kg4 b1=N 42. Kh4 a5 43. Kg4 a4 44. Kh4 a3 45. Kg4 a2 46. Kh4 a1=N 47. Kg4 Ke7 48. Kh4 Kd7 49. Kg4 Kc6 50. Kh4 Kb5 51. Kg4 Kb4 52. Kh4 Kb3 53. Kg4 Kc2 54. Kh4 Kc1 55. Kg4 Ba3 56. Kh4 Bb2 57. Kg4 Kd1 58. Kh4 Ke1 59. Kg4 Kf1 60. Kh4 Kg2 61. Kg4 Rxh3 62. Kg5 h6+ 63. Kg4 Rg3+ 64. Kh5 Rc3 65. Kh4 h5 66. Kg5 h4 67. Kxh4 g5+ 68. Kg4 Nb3 69. Kh5 g4 70. Kh4 g3 71. Kg4 Kf2 72. Kh3 g2+ 73. Kh2 g1=N 74. Kh1 Ne2 75. Kh2 Nec1 76. Kh1 Na1 77. Kh2 Rd3 78. Kh1 Bc3 79. Kh2 Bd2 80. Kh1 Rg3 81. Kh2 Rg8 82. Kh3 Kf3 83. Kh4 Be1+ 84. Kh5 Kf4 85. Kh6 Kf5 86. Kh7 Rg1 87. Kh6 Nd2 88. Kh7 Kf6 89. Kh8 Kf7 {White resigns} 0-1

[Event "FICS rated standard game"]
[Site "FICS freechess.org"]
[FICSGamesDBGameNo "20002153"]
[White "Baselope"]
[Black "CFScare"]
[WhiteElo "1444"]
[BlackElo "1670"]
[WhiteRD "na"]
[BlackRD "na"]
[TimeControl "900+0"]
[Date "1999.09.28"]
[Time "21:24:00"]
[WhiteClock "0:15:00.000"]
[BlackClock "0:15:00.000"]
[ECO "A00"]
[PlyCount "38"]
[Result "0-1"]

1. b4 e5 2. Bb2 d6 3. e4 Nf6 4. Nc3 Nc6 5. Bb5 d5 6. Nf3 Bg4 7. Qc1 Bxf3 8. gxf3 Bxb4 9. Rg1 O-O 10. Nxd5 Nxd5 11. exd5 Qxd5 12. Bxc6 bxc6 13. c3 Bc5 14. d4 exd4 15. Qh6 Rfe8+ 16. Kd2 dxc3+ 17. Kxc3 Bd4+ 18. Kc2 Re2+ 19. Kd3 Bxb2+ {White resigns} 0-1

[Event "FICS rated lightning game"]
[Site "FICS freechess.org"]
[FICSGamesDBGameNo "20002151"]
[White "Fugu"]
[Black "philofreak"]
[WhiteElo "1839"]
[BlackElo "1859"]
[WhiteRD "na"]
[BlackRD "na"]
[TimeControl "60+0"]
[Date "1999.09.28"]
[Time "21:08:00"]
[WhiteClock "0:01:00.000"]
[BlackClock "0:01:00.000"]
[ECO "E30"]
[PlyCount "51"]
[Result "1-0"]

1. d4 e6 2. c4 Nf6 3. Bg5 h6 4. Bh4 Bb4+ 5. Nc3 c5 6. a3 Bxc3+ 7. bxc3 Qa5 8. Qd2 Ne4 9. Qd3 Qxc3+ 10. Qxc3 Nxc3 11. Nf3 cxd4 12. Nxd4 Nc6 13. Nxc6 dxc6 14. e3 Ne4 15. Bd3 Nc5 16. Be2 Bd7 17. O-O f6 18. Bg3 e5 19. f4 e4 20. f5 Kf7 21. Bd6 Na6 22. c5 Rad8 23. Bc4+ Ke8 24. Rad1 Bc8 25. Rd4 b6 26. Rxe4+ {Black forfeits on time} 1-0

[Event "FICS rated blitz game"]
[Site "FICS freechess.org"]
[FICSGamesDBGameNo "20002150"]
[White "KONNY"]
[Black "littleboy"]
[WhiteElo "1548"]
[BlackElo "1564"]
[WhiteRD "na"]
[BlackRD "na"]
[TimeControl "180+4"]
[Date "1999.09.28"]
[Time "21:00:00"]
[WhiteClock "0:03:00.000"]
[BlackClock "0:03:00.000"]
[ECO "D55"]
[PlyCount "115"]
[Result "1/2-1/2"]

1. d4 d5 2. c4 c6 3. Nc3 Nf6 4. Bg5 e6 5. Nf3 Be7 6. e3 h6 7. Bxf6 Bxf6 8. Bd3 O-O 9. O-O Nd7 10. Rc1 dxc4 11. Bxc4 Nb6 12. Bd3 Nd5 13. h3 Bd7 14. Qb3 Qb6 15. Nxd5 exd5 16. Qc2 Rfe8 17. Rfe1 Rad8 18. b3 Be6 19. Qe2 Re7 20. Bb1 Rde8 21. Qd3 g6 22. h4 Bf5 23. Qe2 Bg4 24. g3 Bxd4 25. Kg2 Bf6 26. Qd2 Kg7 27. Nh2 Bc8 28. h5 d4 29. hxg6 fxg6 30. exd4 Qxd4 31. Qxd4 Bxd4 32. Rxe7+ Rxe7 33. Rd1 c5 34. Nf3 Bf6 35. Rd8 Bf5 36. Bxf5 gxf5 37. Rd5 Re2 38. Rxc5 Rxa2 39. Rc7+ Kg6 40. Rxb7 Ra3 41. b4 Bc3 42. b5 Rb3 43. Rxa7 Rxb5 44. Ra6+ Kh5 45. Ra3 Bf6 46. Rd3 Bg5 47. Nh2 Kg6 48. Rd6+ Kh5 49. Kh3 Rb2 50. f3 Be7 51. g4+ fxg4+ 52. fxg4+ Kg5 53. Rd5+ Kg6 54. Rd7 Rb3+ 55. Kg2 Bf6 56. Nf3 h5 57. gxh5+ Kxh5 58. Rd5+ {Game drawn by mutual agreement} 1/2-1/2

[Event "FICS rated blitz game"]
[Site "FICS freechess.org"]
[FICSGamesDBGameNo "20002149"]
[White "Wlad"]
[Black "FrontaLobotomy"]
[WhiteElo "1609"]
[BlackElo "1548"]
[WhiteRD "na"]
[BlackRD "na"]
[TimeControl "180+0"]
[Date "1999.09.28"]
[Time "19:53:00"]
[WhiteClock "0:03:00.000"]
[BlackClock "0:03:00.000"]
[ECO "B76"]
[PlyCount "66"]
[Result "0-1"]

1. e4 c5 2. Nf3 d6 3. d4 cxd4 4. Nxd4 Nf6 5. Nc3 g6 6. Be3 Bg7 7. f3 O-O 8. Qd2 Re8 9. Bc4 Nc6 10. O-O-O a6 11. h4 h5 12. Rhg1 Qa5 13. Kb1 Bd7 14. Nxc6 Bxc6 15. g4 hxg4 16. Bh6 Bh8 17. Nd5 Qxd2 18. Rxd2 Bxd5 19. exd5 gxf3 20. Rf2 Rac8 21. Bb3 Rc5 22. Be3 Rcc8 23. Rxf3 Nh5 24. Bg5 Bf6 25. Bxf6 Nxf6 26. Rh3 Kf8 27. c4 b5 28. cxb5 axb5 29. Rgg3 Rc5 30. Rd3 Ne4 31. h5 gxh5 32. Rxh5 Rec8 33. Rd4 Rc1# {White checkmated} 0-1

[Event "FICS rated blitz game"]
[Site "FICS freechess.org"]
[FICSGamesDBGameNo "20002148"]
[White "Mouztruo"]
[Black "joakim"]
[WhiteElo "1884"]
[BlackElo "1882"]
[WhiteRD "na"]
[BlackRD "na"]
[TimeControl "300+0"]
[Date "1999.09.28"]
[Time "17:05:00"]
[WhiteClock "0:05:00.000"]
[BlackClock "0:05:00.000"]
[ECO "C02"]
[PlyCount "76"]
[Result "0-1"]

1. e4 e6 2. d4 d5 3. e5 c5 4. c3 Nc6 5. Nf3 Bd7 6. Be2 Qc7 7. O-O f6 8. exf6 Nxf6 9. Re1 Bd6 10. Bd3 O-O 11. Bg5 h6 12. Bh4 Ng4 13. Bg3 Bxg3 14. hxg3 e5 15. dxe5 Ncxe5 16. Nxe5 Nxe5 17. Bc2 Bc6 18. Nd2 Rae8 19. Qh5 Qf7 20. Qxf7+ Rxf7 21. f4 Ng4 22. Bg6 Rxe1+ 23. Rxe1 Rf6 24. Bh5 Bd7 25. Nf3 Re6 26. Rxe6 Bxe6 27. Bg6 Kf8 28. Kf1 Ne3+ 29. Kf2 Nd1+ 30. Ke2 Nxb2 31. Ne5 Na4 32. Kd3 Ke7 33. g4 Kd6 34. Be8 Nb6 35. Bh5 Nc8 36. Nf3 Ne7 37. g5 Bf5+ 38. Ke3 Nc6 {White forfeits on time} 0-1

[Event "FICS rated blitz game"]
[Site "FICS freechess.org"]
[FICSGamesDBGameNo "20002147"]
[White "Vanplayer"]
[Black "Bilt"]
[WhiteElo "1560"]
[BlackElo "1423"]
[WhiteRD "na"]
[BlackRD "na"]
[TimeControl "120+12"]
[Date "1999.09.28"]
[Time "16:08:00"]
[WhiteClock "0:02:00.000"]
[BlackClock "0:02:00.000"]
[ECO "A80"]
[PlyCount "60"]
[Result "0-1"]

1. d4 f5 2. Bf4 Nf6 3. e3 e6 4. Bd3 Be7 5. Nf3 O-O 6. Nbd2 d6 7. c3 Nc6 8. Qc2 Qe8 9. O-O Bd8 10. Rad1 Nd5 11. Bg3 e5 12. dxe5 dxe5 13. Bc4 Be6 14. Nxe5 Na5 15. Bxd5 Bxd5 16. Ndf3 c6 17. c4 Be4 18. Qc3 b6 19. b4 Nb7 20. Rd7 c5 21. b5 Bf6 22. Rfd1 Nd8 23. a4 Nf7 24. Rc7 Bxf3 25. gxf3 Nxe5 26. Qc2 Nxf3+ 27. Kg2 Be5 28. Bxe5 Nxe5 29. Rg1 Ng4 30. Kh1 Qe5 {White resigns} 0-1

[Event "FICS rated standard game"]
[Site "FICS freechess.org"]
[FICSGamesDBGameNo "20002146"]
[White "Cachaceiro"]
[Black "kaiposs"]
[WhiteElo "1501"]
[BlackElo "1702"]
[WhiteRD "na"]
[BlackRD "na"]
[TimeControl "1800+0"]
[Date "1999.09.28"]
[Time "15:17:00"]
[WhiteClock "0:30:00.000"]
[BlackClock "0:30:00.000"]
[ECO "B20"]
[PlyCount "85"]
[Result "1-0"]

1. e4 c5 2. Bb5 a6 3. Ba4 b5 4. Bb3 c4 5. Bxc4 bxc4 6. d3 Bb7 7. Bg5 h6 8. Bh4 Qa5+ 9. c3 e5 10. Nf3 d6 11. O-O Be7 12. Nbd2 cxd3 13. Nc4 Qd8 14. Bxe7 Nxe7 15. Qxd3 Nc8 16. Rad1 O-O 17. Nfxe5 dxe5 18. Qg3 Qf6 19. Nxe5 Bxe4 20. Rfe1 Bg6 21. Ng4 Qg5 22. Re5 Rd8 23. Rde1 Bf5 24. Re8+ Rxe8 25. Rxe8+ Kh7 26. f3 h5 27. h4 Qc1+ 28. Kh2 hxg4 29. fxg4 Be6 30. Qd3+ g6 31. h5 Qf4+ 32. Kg1 Qxg4 33. hxg6+ Qxg6 34. Qd8 Qg7 35. Qh4+ Kg6 36. Qe4+ Bf5 37. Qxa8 Nd7 38. Rxc8 Nb6 39. Rc6+ Be6 40. Rxb6 Qh6 41. Qf3 Qc1+ 42. Kh2 Qh6+ 43. Qh3 {Black resigns} 1-0

[Event "FICS rated blitz game"]
[Site "FICS freechess.org"]
[FICSGamesDBGameNo "20002145"]
[White "Bibo"]
[Black "Lerxt"]
[WhiteElo "1334"]
[BlackElo "1378"]
[WhiteRD "na"]
[BlackRD "na"]
[TimeControl "300+0"]
[Date "1999.09.28"]
[Time "14:13:00"]
[WhiteClock "0:05:00.000"]
[BlackClock "0:05:00.000"]
[ECO "A21"]
[PlyCount "49"]
[Result "0-1"]

1. c4 e5 2. Nc3 Bb4 3. g3 Nc6 4. Bg2 b6 5. e3 Bb7 6. Nge2 Nge7 7. O-O O-O 8. a3 Bd6 9. d4 exd4 10. exd4 Nf5 11. b4 Qf6 12. c5 Be7 13. Be3 Nxe3 14. fxe3 Qh6 15. Nd5 Bg5 16. e4 Ne7 17. Nxc7 Be3+ 18. Kh1 Rac8 19. Nb5 bxc5 20. dxc5 Ng6 21. Qxd7 Bc6 22. Qd3 Ne5 23. Qc3 Bxb5 24. Rfe1 Ng4 25. Nd4 {White resigns} 0-1

[Event "FICS rated blitz game"]
[Site "FICS freechess.org"]
[FICSGamesDBGameNo "20002144"]
[White "HarryP"]
[Black "kilt"]
[WhiteElo "1522"]
[BlackElo "1541"]
[WhiteRD "na"]
[BlackRD "na"]
[TimeControl "180+12"]
[Date "1999.09.28"]
[Time "12:31:00"]
[WhiteClock "0:03:00.000"]
[BlackClock "0:03:00.000"]
[ECO "A40"]
[PlyCount "23"]
[Result "1-0"]

1. d4 e5 2. dxe5 Nc6 3. Nf3 Qe7 4. Bf4 Qb4+ 5. Bd2 Qxb2 6. Nc3 Nb4 7. Nd4 Bc5 8. Rb1 Qa3 9. Ndb5 Qa5 10. e4 a6 11. a3 axb5 12. Nd5 {Black forfeits on time} 1-0

[Event "FICS rated blitz game"]
[Site "FICS freechess.org"]
[FICSGamesDBGameNo "20002143"]
[White "TheBadGuy"]
[Black "thesignman"]
[WhiteElo "844"]
[BlackElo "656"]
[WhiteRD "na"]
[BlackRD "na"]
[TimeControl "120+12"]
[Date "1999.09.28"]
[Time "11:50:00"]
[WhiteClock "0:02:00.000"]
[BlackClock "0:02:00.000"]
[ECO "C77"]
[PlyCount "37"]
[Result "1-0"]

1. e4 e5 2. Nf3 Nc6 3. Bb5 a6 4. Ba4 Nf6 5. Nc3 d6 6. d4 exd4 7. Nxd4 b5 8. Nxc6 Qd7 9. Bxb5 axb5 10. Nd4 b4 11. Nd5 Nxd5 12. exd5 Be7 13. O-O O-O 14. Qe2 Bf6 15. Nf3 Re8 16. Qc4 h6 17. Qxb4 Rd8 18. c4 c5 19. Qb3 {Black forfeits on time} 1-0